 Dungeon Crawl Stone Soup version 0.27-a0-906-g0a00ce863d (webtiles) character file.

Game seed: 1483854070407079995

53 Bapho the Ruffian (level 3, -2/34 (36) HPs)
             Began as a Troll Monk on Apr 7, 2021.
             Slain by Crazy Yiuf
             ... wielding a +3 quarterstaff of chaos
              (17 damage)
             ... while paralysed by Crazy Yiuf
             ... on level 3 of the Dungeon.
             The game lasted 00:03:20 (1899 turns).

Bapho the Ruffian (Troll Monk)                      Turns: 1899, Time: 00:03:20

HP:   -2/34 (36)    AC:  4    Str: 19    XL:     3   Next: 62%
MP:   2/2           EV:  1    Int:  7    God:
Gold: 50            SH:  0    Dex: 12    Spells: 2/2 levels left

rFire    . . .     SeeInvis .     - Unarmed
rCold    . . .     Faith    .   (no shield)
rNeg     . . .     Spirit   .   a - +0 robe
rPois    +         Reflect  .   (helmet restricted)
rElec    .         Harm     .   (no cloak)
rCorr    .         Rampage  .   (gloves unavailable)
Will     .....                  (boots unavailable)
Stlth    ++........             (no amulet)
HPRegen  1.11/turn              h - ring of poison resistance
MPRegen  0.08/turn              (no ring)

@: paralysed, drained
A: large, unfitting armour, claws 3, regeneration 1, shaggy fur 1, tough skin 1
a: no special abilities


You were on level 3 of the Dungeon.
You visited 1 branch of the dungeon, and saw 3 of its levels.

You collected 50 gold pieces.

Inventory:

Missiles
 b - 42 stones (quivered)
Armour
 a - a +0 robe (worn)
Jewellery
 h - a ring of poison resistance (left claw)
Scrolls
 c - a scroll of noise {unknown}
 d - a scroll of magic mapping {unknown}
 e - a scroll of teleportation {unknown}
 f - a scroll of fog {unknown}
 k - a scroll of holy word
 l - a scroll of blinking
Potions
 g - 3 potions of curing
 j - a potion of attraction


   Skills:
 - Level 2.4 Fighting
 - Level 2.4 Dodging
 - Level 1.0 Stealth
 + Level 4.7 Unarmed Combat


You had 2 spell levels left.
You didn't know any spells.
Your spell library was empty.

Dungeon Overview and Level Annotations

Branches:
Dungeon (3/15)

Altars:

Annotations:
D:3 Crazy Yiuf


Innate Abilities, Weirdness & Mutations

You are too large for most types of armour.
You have claws for hands.
Your natural rate of healing is unusually fast.
You are covered in fur. (AC +1)
You have tough skin. (AC +1)


Message History

You open the door.
There is an open door here.
An orc comes into view. It is wielding a +0 flail.
You scratch the fungus.
The fungus begins to die.
The fungus is lightly damaged.
You scratch the fungus.
The fungus is lightly damaged.
You scratch the fungus.
The fungus begins to die.
You claw the fungus.
The fungus is lightly damaged.
You scratch the fungus.
The fungus is lightly damaged.
A nearby fungus withers and dies.
A nearby fungus withers and dies.
Found a mace.
Found a runed translucent door.
Crazy Yiuf shouts!
Crazy Yiuf says, "Cards eyeball senile!"
You open the door.
Press: ? - help, v - describe, . - travel
Here: Crazy Yiuf, wielding a +3 quarterstaff of chaos and wearing a +0 cloak An open translucent door.
You barely miss Crazy Yiuf.
Crazy Yiuf hits you with a +3 quarterstaff of chaos!
You feel drained.
You completely miss Crazy Yiuf. Crazy Yiuf closely misses you.
You scratch Crazy Yiuf.
Crazy Yiuf is lightly wounded.
Crazy Yiuf sings, "Trees, trees, trees, circus!"
Crazy Yiuf hits you with a +3 quarterstaff of chaos.
Crazy Yiuf freezes you.
You scratch Crazy Yiuf.
Crazy Yiuf is moderately wounded.
Crazy Yiuf hits you with a +3 quarterstaff of chaos.
You feel drained.
You closely miss Crazy Yiuf.
Crazy Yiuf is moderately wounded.
Crazy Yiuf hits you with a +3 quarterstaff of chaos.
You suddenly lose the ability to move!
Crazy Yiuf hits you with a +3 quarterstaff of chaos!
Ouch! That really hurt!
You die...

.######....##..#
.....†'....+
#######....# # #.####
# #.# #######.#
......'.##♣♣ ###
#######..#.♣♣ ♣♣#..)#
...........P♣♣♣♣@g...#
...####......♣..♣#...#
+.....#P.♣.♣♣♣ ###
####.##♣♣♣♣♣ #.# #.#
#.# #.# #.#


You could see Crazy Yiuf.

Vanquished Creatures
  An adder (D:2)
  A worm (D:2)
  2 dart slugs
  2 endoplasms
  A giant cockroach (D:2)
  4 goblins
  2 hobgoblins
  5 jackals
  2 kobolds (D:1)
  5 quokkas
  2 ball pythons
  A bat (D:2)
  6 rats
34 creatures vanquished.

Vanquished Creatures (others)
  2 fungi (D:3)
2 creatures vanquished.

Grand Total: 36 creatures vanquished

Notes
Turn   | Place    | Note
-------+----------+-------------------------------------------
     0 | D:1      | Bapho the Troll Monk began the quest for the Orb.
     0 | D:1      | Reached XP level 1. HP: 22/22 MP: 0/0
   340 | D:1      | Reached XP level 2. HP: 29/29 MP: 1/1
   837 | D:2      | Reached skill level 4 in Unarmed Combat
   963 | D:2      | Reached XP level 3. HP: 36/36 MP: 2/2
  1100 | D:2      | Found a faded altar of an unknown god.
  1889 | D:3      | Found a runed translucent door.
  1890 | D:3      | Noticed Crazy Yiuf
  1898 | D:3      | Paralysed by Crazy Yiuf for 3 turns
  1899 | D:3      | Slain by Crazy Yiuf

Illustrated notes

Levels and vault maps discovered:
D:1:      minmay_arrival_doors, layout_basic
D:2:      layout_basic, chequers_ecumenical_altar_twisty
D:3:      minmay_roachtagon, layout_basic, uniq_jessica, uniq_crazy_yiuf_cottage

Skill      XL: |  1  2 |
---------------+-------+-----
Unarmed Combat | 4 |  4.7
Fighting       | |  2.4
Dodging        | |  2.4
Stealth        | |  1.0

Action                   || total
-------------------------++-------
Melee: Unarmed           ||    98
       Punch             ||     2
Throw: Stone             ||    96
  Use: Scroll            ||     4
Armor: Robe              ||    23
Dodge: Dodged            ||    29

Table legend: (Time is in decaauts)
 A = Elapsed time spent in this place.
 B = Non-inter-level travel time spent in this place.
 C = Inter-level travel time spent in this place.
 D = Time resting spent in this place.
 E = Time spent auto-exploring this place.
 F = Levels seen in this place.
 G = Mean time per level.
                   A        B        C        D        E       F      G
               +--------+--------+--------+--------+--------+-----+--------+
         Total |   1900 |   1724 |    176 |      0 |   1441 |   3 |  633.3 |
       Dungeon |   1900 |   1724 |    176 |      0 |   1441 |   3 |  633.3 |
               +--------+--------+--------+--------+--------+-----+--------+

Top non-repeatable levels by time:
     D:2: 1013 daAuts
     D:1: 783 daAuts
     D:3: 104 daAuts
